AoeStats
← 小白

Nomad

509865084Analyzed
4v4 RM · 4d ago on Sep 28, 2026· 27m 41s· 8 players
Game mode
Random Map
Map size
231×231
Population
200
Speed
Normal
Resources
Standard
Victory
Conquest
Starting age
Dark Age
Ending age
Imperial Age
RankedLock teamsTeams togetherTeam positionsShared explorationLock speedFull tech treeHidden civsTurbo modeCheats
Victory
Defeat
🇹🇼 Tupi · Taiwan
1941
+9
🇹🇼 Varangians · Taiwan
1904
+10
🇹🇼 Saxons · Taiwan
1870
+12
🇹🇼 Saxons · Taiwan
1868
+12
🇻🇳 Saxons · Vietnam
1881
-14
🇹🇷 Dravidians · Türkiye
1862
-14
🇩🇪 Japanese · Germany
1767
-10
🇳🇱 Persians · Netherlands
1598
-5
Honda
9:25 Loom
12:11 Feudal Age
12:37 Double-Bit Axe
13:52 Fletching
20:59 Castle Age
19:17 Gold Mining
21:51 Medium Warships
22:09 Bodkin Arrow
24:47 Ballistics
Komkommersla
7:16 Loom
11:41 Feudal Age
12:17 Double-Bit Axe
18:06 Gold Mining
18:57 Bloodlines
19:36 Scale Barding Armor
19:55 Forging
22:13 Castle Age
22:07 Forging
26:02 Husbandry
26:17 Fletching
27:03 Fishing Lines
saymynameBook
9:26 Loom
11:57 Feudal Age
12:25 Town Watch
20:21 Castle Age
20:54 Double-Bit Axe
LM \ Molle
13:54 Feudal Age
14:31 Loom
17:24 Castle Age
15:17 Fishing Lines
15:32 Double-Bit Axe
18:10 Gillnets
18:30 Medium Warships
19:06 Town Watch
19:34 Bow Saw
22:22 Wheelbarrow
23:37 Fletching
24:28 Bodkin Arrow
26:32 Hand Cart
[LuB]夢夢
10:24 Loom
13:26 Feudal Age
16:59 Castle Age
17:42 Fletching
18:50 Bodkin Arrow
小白
8:56 Loom
11:26 Feudal Age
17:02 Fletching
GKT_Cloud
8:39 Loom
11:38 Feudal Age
12:38 Town Watch
12:59 Double-Bit Axe
17:43 Fletching
23:31 Castle Age
21:54 Gold Mining
24:26 Medium Warships
24:34 Bow Saw
24:32 Bodkin Arrow
25:45 Fishing Lines
25:48 Horse Collar
27:28 Ballistics
[LuB]a61
5:05 Loom
13:37 Feudal Age
14:53 Double-Bit Axe
17:20 Castle Age
15:16 Gold Mining
16:08 Scale Mail Armor
17:22 Arson
18:24 Bow Saw
18:22 Squires
18:41 Chain Mail Armor
19:55 Gambesons
19:58 Horse Collar
23:53 Wheelbarrow
25:59 Forging
25:48 Town Watch
Connection lost

Rejoining the realm…

Still unreachable

The connection could not be restored.

Session expired

The server has moved on; the page needs a fresh start.